Oilers vs Coyotes

Created - Wednesday, December 17, 2014 at 01:53

Goals
1 2 3 T
Oilers 1 0 2 3
Coyotes 0 1 0 1
Shots
1 2 3 T
Oilers 13 6 7 26
Coyotes 11 10 9 30

1st period

1. Oilers , Andrew Ladd 8 (David Desharnais) at 5:44

Penalties :
Alexander Semin (Edm) for Holding (Minor) at 2:31, Chris Stewart (Edm) for Roughing (Minor) at 10:51, Alexander Semin (Edm) for Interference (Minor) at 14:32

2nd period

2. Coyotes , Mark Borowiecki 1 (Pierre-Marc Bouchard, Eric Nystrom) at 12:17 (PP)

Penalties :
Nicklas Backstrom (Edm) for Roughing (Minor) at 11:41, Vladimir Sobotka (Edm) for Charging (Minor) at 15:50

3rd period

3. Oilers , Darren Helm 8 (Mikkel Boedker, Andrew Ladd) at 0:58 (PP)
4. Oilers , Andrew Ladd 9 (Alexander Semin) at 10:18

Penalties :
T.J. Brennan (Ari) for Hooking (Minor) at 0:19, Nicklas Backstrom (Edm) for Hooking (Minor) at 1:25, Kimmo Timonen (Edm) for Holding (Minor) at 7:12, Nicklas Backstrom (Edm) for Goalie Interference (Minor) at 11:11

Goalie Stats

Roberto Luongo (Edm), 29 saves from 30 shots - (0.967), W, 15-2-4, 60:00 minutes
Malcolm Subban (Ari), 6 saves from 8 shots - (0.750), L, 0-1-0, 25:48 minutes
Carter Hutton (Ari), 17 saves from 18 shots - (0.944), 34:12 minutes

Players Stats for Oilers

Player Name              G  A  P  +/- PIM S  H  SB GA TA FO     MP     PP MP  PK MP  
------------------------------------------------------------------------------------
Ales Hemsky              0  0  0   0  0   0  0  0  0  0  0/1    10:04   0:00   0:22 
Alexander Semin          0  1  1   2  4   4  1  0  1  0  0/1    13:00   0:23   0:00 
Andrew Ladd              2  1  3   2  0   6  1  1  2  1  1/1    18:03   0:16   4:12 
Andrew MacDonald         0  0  0   0  0   1  3  3  0  2  0/0    26:58   0:16   7:27 
Brad Hunt                0  0  0   1  0   0  0  0  0  1  0/0    11:41   0:00   0:00 
Brayden McNabb           0  0  0   1  0   0  2  1  0  1  0/0    14:07   0:00   0:25 
Brayden Schenn           0  0  0   0  0   1  0  0  0  0  0/0     4:54   0:00   0:00 
Chris Stewart            0  0  0   0  2   1  2  0  0  1  0/0     5:34   0:00   0:00 
Darren Helm              1  0  1   0  0   5  1  1  3  0  0/2    15:54   0:16   9:55 
David Desharnais         0  1  1   2  0   0  1  0  0  0  10/14  14:21   0:16   1:37 
David Schlemko           0  0  0   1  0   1  1  4  0  3  0/0    20:57   0:00   7:02 
Kimmo Timonen            0  0  0   0  2   0  4  3  1  3  0/0    26:05   0:23   7:02 
Mikkel Boedker           0  1  1   0  0   0  2  0  3  0  0/0    16:07   0:16   0:00 
Nick Bonino              0  0  0   0  0   2  0  0  1  0  2/3    14:35   0:00   4:12 
Nicklas Backstrom        0  0  0   0  6   2  1  0  5  0  8/14   17:48   0:23   0:22 
Scott Hannan             0  0  0   1  0   0  0  1  0  0  0/0    19:45   0:00   7:02 
Shane Doan               0  0  0   0  0   0  2  0  0  0  0/1    16:14   0:23   0:00 
Vladimir Sobotka         0  0  0   0  2   3  2  0  0  1  11/20  19:11   0:23   8:18 

Players Stats for Coyotes

Player Name              G  A  P  +/- PIM S  H  SB GA TA FO     MP     PP MP  PK MP  
------------------------------------------------------------------------------------
Aaron Palushaj           0  0  0   0  0   3  1  1  1  0  0/0    10:39   0:00   0:00 
Dale Weise               0  0  0   0  0   1  0  0  0  0  0/1    10:39   0:00   0:00 
David Jones              0  0  0  -1  0   3  2  0  3  0  0/1    22:06   8:01   0:00 
Drayson Bowman           0  0  0  -1  0   0  1  0  1  0  0/0     7:21   0:00   0:00 
Eric Nystrom             0  1  1   0  0   0  1  1  0  0  0/0    19:53   6:28   0:39 
Evan Oberg               0  0  0  -1  0   3  1  1  0  0  0/0    14:27   0:00   0:00 
Jaden Schwartz           0  0  0  -1  0   6  2  1  7  2  0/2    22:06   8:01   0:00 
Joakim Andersson         0  0  0  -1  0   0  0  1  1  1  3/6    14:45   1:10   0:00 
Mark Borowiecki          1  0  1  -1  0   5  6  1  0  2  0/0    22:20   5:57   0:39 
Markus Granlund          0  0  0   0  0   1  3  1  0  0  10/22  21:59   5:18   0:39 
Matt Gilroy              0  0  0  -1  0   0  1  1  0  3  0/0    14:27   0:00   0:00 
Michael Kostka           0  0  0   0  0   0  1  1  0  2  0/0    25:17   8:32   0:00 
Michal Jordan            0  0  0   0  0   0  0  0  0  0  0/0     0:00   0:00   0:00 
Pierre-Marc Bouchard     0  1  1   0  0   4  0  1  4  0  0/0    19:14   6:28   0:00 
Stephen Weiss            0  0  0  -1  0   3  1  0  2  0  12/25  23:15   8:01   0:00 
T.J. Brennan             0  0  0  -1  2   0  2  1  0  0  0/0    19:35   5:57   0:00 
Terry Broadhurst         0  0  0  -1  0   0  0  0  0  0  0/0     7:21   0:00   0:00 
Tom Gilbert              0  0  0   0  0   1  0  1  0  1  0/0    23:51   8:32   0:39 

3 Stars

1 - Andrew Ladd (Edm)
2 - Roberto Luongo (Edm)
3 - Mark Borowiecki (Ari)

Power Play

Oilers - 1 on 1 Attempt(s) - 100.00%
Coyotes - 1 on 8 Attempt(s) - 12.50%

Penalty Kill

Oilers - 7 on 8 Attempt(s) - 87.50% - Score 0 goal in Penalty Kill
Coyotes - 0 on 1 Attempt(s) - 0.00% - Score 0 goal in Penalty Kill

Official

Referees : Unknown
Linesman : Unknown

Game Notes

Carter Hutton is injured at 14:12 of 2nd period (Left Foot)
Malcolm Subban enters game at 14:12 of 2nd period

Finance

Level 1 -- Attendance: 4464 (74.40%) -- Ticket Income $410,688
Level 2 -- Attendance: 3363 (67.26%) -- Ticket Income $201,780
Level 3 -- Attendance: 2000 (100.00%) -- Ticket Income $64,000
Level 4 -- Attendance: 3311 (82.78%) -- Ticket Income $66,220
Luxury Box -- Attendance: 711 (71.10%) -- Ticket Income $131,535
Game was played at the Glendale Arena
Total Attendance: 13849 (76.94%)
Total Ticket Income: $874,223
Other Income: $428,369
Total Income: $1,302,592

Oilers

5 vs 5 Forward 
   Center                   Left Wing                Right Wing               Time % Phy DF OF 
 1 Nicklas Backstrom        Mikkel Boedker           Shane Doan               37     0   1  4  
 2 David Desharnais         Andrew Ladd              Alexander Semin          33     0   1  4  
 3 Vladimir Sobotka         Nick Bonino              Ales Hemsky              25     0   2  3  
 4 Darren Helm              Brayden Schenn           Chris Stewart            5      1   2  2  

5 vs 5 Defense 
   Defense                  Defense                                           Time % Phy DF OF 
 1 Kimmo Timonen            Andrew MacDonald                                  45     1   4  0  
 2 David Schlemko           Brayden McNabb                                    35     1   4  0  
 3 Scott Hannan             Brad Hunt                                         20     1   4  0  
 4 Kimmo Timonen            Andrew MacDonald                                  0      1   4  0  

PowerPlay Forward 
   Center                   Left Wing                Right Wing               Time % Phy DF OF 
 1 Nicklas Backstrom        Shane Doan               Alexander Semin          55     0   1  4  
 2 David Desharnais         Darren Helm              Mikkel Boedker           45     0   1  4  

PowerPlay Defense
   Defense                  Defense                                           Time % Phy DF OF 
 1 Kimmo Timonen            Vladimir Sobotka                                  50     1   2  2  
 2 Andrew MacDonald         Andrew Ladd                                       50     1   2  2  

Penalty Kill 4 Players Forward 
   Center                   Wing                     Time % Phy DF OF 
 1 Vladimir Sobotka         Darren Helm              60     0   4  1  
 2 Nick Bonino              Andrew Ladd              40     0   4  1  

Penalty Kill 4 Players Defense
   Defense                  Defense                  Time % Phy DF OF 
 1 Kimmo Timonen            Andrew MacDonald         55     1   4  0  
 2 Scott Hannan             David Schlemko           45     1   4  0  

Penalty Kill - 3 Players Forward 
   Forward                                           Time % Phy DF OF 
 1 Vladimir Sobotka                                  55     0   5  0  
 2 Darren Helm                                       45     0   5  0  

Penalty Kill - 3 Players Defense
   Defense                  Defense                  Time % Phy DF OF 
 1 Kimmo Timonen            Andrew MacDonald         50     1   4  0  
 2 Scott Hannan             David Schlemko           50     1   4  0  

4 vs 4 Forward 
   Center                   Wing                     Time % Phy DF OF 
 1 Nicklas Backstrom        Shane Doan               60     0   1  4  
 2 Nick Bonino              Alexander Semin          40     0   1  4  

4 vs 4 Defense
   Defense                  Defense                  Time % Phy DF OF 
 1 Kimmo Timonen            Andrew MacDonald         50     1   4  0  
 2 David Schlemko           Brayden McNabb           50     1   4  0  

Last Minutes Offensive
   Center                   Left Wing                Right Wing               Defense                  Defense                  
   Nicklas Backstrom        Shane Doan               Alexander Semin          Kimmo Timonen            David Desharnais         

Last Minutes Defensive
   Center                   Left Wing                Right Wing               Defense                  Defense                  
   Vladimir Sobotka         Darren Helm              Andrew Ladd              Kimmo Timonen            Andrew MacDonald         

Goaltenders
Starting : Roberto Luongo           
Backup : Jean-Sebastien Giguere   

Extra Forwards
Normal : Shane Doan, Mikkel Boedker, Ales Hemsky - PP : Shane Doan, Alexander Semin - PK : Darren Helm
Extra Defensemen
Normal : Kimmo Timonen, Andrew MacDonald, Scott Hannan - PP : Kimmo Timonen - PK : Scott Hannan, Kimmo Timonen
Penalty Shots
David Desharnais, Nick Bonino, Andrew Ladd, Nicklas Backstrom, Ales Hemsky

Coyotes

5 vs 5 Forward 
   Center                   Left Wing                Right Wing               Time % Phy DF OF 
 1 Stephen Weiss            Jaden Schwartz           David Jones              35     1   2  2  
 2 Joakim Andersson         Eric Nystrom             Pierre-Marc Bouchard     30     1   2  2  
 3 Markus Granlund          Dale Weise               Aaron Palushaj           22     1   2  2  
 4 Markus Granlund          Terry Broadhurst         Drayson Bowman           13     1   2  2  

5 vs 5 Defense 
   Defense                  Defense                                           Time % Phy DF OF 
 1 Tom Gilbert              Michael Kostka                                    35     1   2  2  
 2 Mark Borowiecki          T.J. Brennan                                      30     1   2  2  
 3 Evan Oberg               Matt Gilroy                                       22     1   2  2  
 4 Mark Borowiecki          Michael Kostka                                    13     1   2  2  

PowerPlay Forward 
   Center                   Left Wing                Right Wing               Time % Phy DF OF 
 1 Stephen Weiss            Jaden Schwartz           David Jones              60     1   2  2  
 2 Markus Granlund          Pierre-Marc Bouchard     Eric Nystrom             40     1   2  2  

PowerPlay Defense
   Defense                  Defense                                           Time % Phy DF OF 
 1 Tom Gilbert              Michael Kostka                                    60     1   2  2  
 2 Mark Borowiecki          T.J. Brennan                                      40     1   2  2  

Penalty Kill 4 Players Forward 
   Center                   Wing                     Time % Phy DF OF 
 1 Markus Granlund          Eric Nystrom             60     1   2  2  
 2 Stephen Weiss            Jaden Schwartz           40     1   2  2  

Penalty Kill 4 Players Defense
   Defense                  Defense                  Time % Phy DF OF 
 1 Mark Borowiecki          Tom Gilbert              60     1   2  2  
 2 Evan Oberg               Michael Kostka           40     1   2  2  

Penalty Kill - 3 Players Forward 
   Forward                                           Time % Phy DF OF 
 1 Markus Granlund                                   60     1   2  2  
 2 Stephen Weiss                                     40     1   2  2  

Penalty Kill - 3 Players Defense
   Defense                  Defense                  Time % Phy DF OF 
 1 Mark Borowiecki          Tom Gilbert              60     1   2  2  
 2 Evan Oberg               Michael Kostka           40     1   2  2  

4 vs 4 Forward 
   Center                   Wing                     Time % Phy DF OF 
 1 Dale Weise               Jaden Schwartz           60     1   2  2  
 2 Stephen Weiss            David Jones              40     1   2  2  

4 vs 4 Defense
   Defense                  Defense                  Time % Phy DF OF 
 1 Tom Gilbert              Michael Kostka           60     1   2  2  
 2 Evan Oberg               Mark Borowiecki          40     1   2  2  

Last Minutes Offensive
   Center                   Left Wing                Right Wing               Defense                  Defense                  
   Stephen Weiss            Jaden Schwartz           Joakim Andersson         Tom Gilbert              Michael Kostka           

Last Minutes Defensive
   Center                   Left Wing                Right Wing               Defense                  Defense                  
   Joakim Andersson         Jaden Schwartz           Eric Nystrom             Mark Borowiecki          Tom Gilbert              

Goaltenders
Starting : Carter Hutton            
Backup : Malcolm Subban           

Extra Forwards
Normal : Pierre-Marc Bouchard, Stephen Weiss, Eric Nystrom - PP : Stephen Weiss, Eric Nystrom - PK : Jaden Schwartz
Extra Defensemen
Normal : Tom Gilbert, Mark Borowiecki, Evan Oberg - PP : Evan Oberg - PK : Mark Borowiecki, Evan Oberg
Penalty Shots
Jaden Schwartz, David Jones, Eric Nystrom, Pierre-Marc Bouchard, Markus Granlund

% Time on Ice - Oilers

Lines # - Real PCT - Wanted PCT - Time Play
Normal Forward
1 - 38% - 37% - 17:07
2 - 30% - 33% - 13:35
3 - 21% - 25% - 9:16
4 - 11% - 5% - 4:54
Normal Defense
1 - 43% - 45% - 19:15
2 - 31% - 35% - 13:56
3 - 26% - 20% - 11:41
4 - 0% - 0% - 0:00
PP Forward
1 - 59% - 55% - 0:23
2 - 41% - 45% - 0:16
PP Defense
1 - 59% - 50% - 0:23
2 - 41% - 50% - 0:16
PK Forward
1 - 71% - 60% - 10:17
2 - 29% - 40% - 4:12
PK Defense
1 - 51% - 55% - 7:27
2 - 49% - 45% - 7:02
PK3 Forward
1 - 0% - 55%
2 - 0% - 45%
PK3 Defense
1 - 0% - 50%
2 - 0% - 50%
44 Forward
1 - 0% - 60%
2 - 0% - 40%
44 Defense
1 - 0% - 50%
2 - 0% - 50%
Last Minute Offensive  - 0:00
Last Minute Defensive  - 0:00
Total
Forward - 60:00
Defense - 60:00

% Time on Ice - Coyotes

Lines # - Real PCT - Wanted PCT - Time Play
Normal Forward
1 - 31% - 35% - 14:05
2 - 28% - 30% - 12:47
3 - 24% - 22% - 10:39
4 - 16% - 13% - 7:21
Normal Defense
1 - 33% - 35% - 14:40
2 - 30% - 30% - 13:39
3 - 32% - 22% - 14:28
4 - 5% - 13% - 2:05
PP Forward
1 - 55% - 60% - 8:01
2 - 45% - 40% - 6:28
PP Defense
1 - 59% - 60% - 8:32
2 - 41% - 40% - 5:57
PK Forward
1 - 100% - 60% - 0:39
2 - 0% - 40% - 0:00
PK Defense
1 - 100% - 60% - 0:39
2 - 0% - 40% - 0:00
PK3 Forward
1 - 0% - 60%
2 - 0% - 40%
PK3 Defense
1 - 0% - 60%
2 - 0% - 40%
44 Forward
1 - 0% - 60%
2 - 0% - 40%
44 Defense
1 - 0% - 60%
2 - 0% - 40%
Last Minute Offensive  - 0:00
Last Minute Defensive  - 0:00
Total
Forward - 60:00
Defense - 60:00

Play by Play

1st period


0:01 of 1st period - Stephen Weiss wins face-off versus Shane Doan in neutral zone.
0:08 of 1st period - Snap shot by David Jones.
0:08 of 1st period - Shot Misses the Net.
0:53 of 1st period - Eric Nystrom is hit by Kimmo Timonen and loses puck.
1:18 of 1st period - Snap shot by Alexander Semin.
1:18 of 1st period - Deflect By Andrew Ladd.
1:18 of 1st period - Shot Hit the Post.
1:18 of 1st period - Puck is out of play.
1:19 of 1st period - Markus Granlund wins face-off versus Vladimir Sobotka in Coyotes zone.
1:29 of 1st period - Snap shot by Dale Weise.
1:29 of 1st period - Stopped by Roberto Luongo without a rebound.
1:30 of 1st period - Vladimir Sobotka wins face-off versus Markus Granlund in Oilers zone.
1:30 of 1st period - Vladimir Sobotka is hit by T.J. Brennan.
1:37 of 1st period - Icing by Mark Borowiecki.
1:38 of 1st period - Markus Granlund wins face-off versus Vladimir Sobotka in Coyotes zone.
1:38 of 1st period - Markus Granlund is hit by Vladimir Sobotka.
1:46 of 1st period - Snap shot by Aaron Palushaj.
1:46 of 1st period - Stopped by Roberto Luongo with a rebound.
1:48 of 1st period - Snap shot by Markus Granlund.
1:48 of 1st period - Stopped by Roberto Luongo with a rebound.
2:04 of 1st period - Snap shot by Nick Bonino.
2:04 of 1st period - Stopped by Carter Hutton with a rebound.
2:10 of 1st period - Snap shot by Mark Borowiecki.
2:10 of 1st period - Stopped by Roberto Luongo without a rebound.
2:11 of 1st period - David Desharnais wins face-off versus Joakim Andersson in Oilers zone.
2:31 of 1st period - Minor Penalty to Alexander Semin for Holding.
2:32 of 1st period - Vladimir Sobotka wins face-off versus Stephen Weiss in Oilers zone.
2:38 of 1st period - Slapshot by Jaden Schwartz.
2:38 of 1st period - Shot Misses the Net.
2:40 of 1st period - Slapshot by Michael Kostka.
2:40 of 1st period - Shot Blocked by Andrew MacDonald.
2:42 of 1st period - Slapshot by Stephen Weiss.
2:42 of 1st period - Deflect By Jaden Schwartz.
2:42 of 1st period - Shot Misses the Net.
2:42 of 1st period - Puck is out of play.
2:43 of 1st period - Vladimir Sobotka wins face-off versus Stephen Weiss in Oilers zone.
3:14 of 1st period - Wrist shot by Jaden Schwartz.
3:14 of 1st period - Stopped by Roberto Luongo with a rebound.
3:16 of 1st period - Slapshot by Michael Kostka.
3:16 of 1st period - Shot Misses the Net.
3:18 of 1st period - Snap shot by Tom Gilbert.
3:18 of 1st period - Shot Blocked by Andrew MacDonald.
3:56 of 1st period - Snap shot by Vladimir Sobotka.
3:56 of 1st period - Stopped by Carter Hutton with a rebound.
4:02 of 1st period - Darren Helm is hit by Markus Granlund.
4:31 of 1st period - Penalty to Alexander Semin is over, Alexander Semin is back on ice.
4:41 of 1st period - Wrist shot by Pierre-Marc Bouchard.
4:41 of 1st period - Stopped by Roberto Luongo without a rebound.
4:42 of 1st period - Markus Granlund wins face-off versus Nicklas Backstrom in Oilers zone.
4:47 of 1st period - Snap shot by Shane Doan.
4:47 of 1st period - Shot Blocked by Pierre-Marc Bouchard.
4:57 of 1st period - Wrist shot by Nicklas Backstrom.
4:57 of 1st period - Stopped by Carter Hutton without a rebound.
4:58 of 1st period - Nicklas Backstrom wins face-off versus Markus Granlund in Coyotes zone.
5:34 of 1st period - Snap shot by Jaden Schwartz.
5:34 of 1st period - Shot Blocked by Kimmo Timonen.
5:36 of 1st period - Snap shot by Mark Borowiecki.
5:36 of 1st period - Deflect By Nicklas Backstrom.
5:36 of 1st period - Stopped by Roberto Luongo with a rebound.
5:38 of 1st period - Slapshot by David Jones.
5:38 of 1st period - Stopped by Roberto Luongo without a rebound.
5:39 of 1st period - David Desharnais wins face-off versus Stephen Weiss in Oilers zone.
5:44 of 1st period - Slapshot by Andrew Ladd.
5:44 of 1st period - Goal by Andrew Ladd - Oilers : 1 - Coyotes : 0.
5:45 of 1st period - David Desharnais wins face-off versus Joakim Andersson in neutral zone.
5:48 of 1st period - Michael Kostka is hit by Brayden McNabb and loses puck.
6:03 of 1st period - Snap shot by Alexander Semin.
6:03 of 1st period - Stopped by Carter Hutton with a rebound.
6:05 of 1st period - Slapshot by David Schlemko.
6:05 of 1st period - Deflect By Alexander Semin.
6:05 of 1st period - Shot Misses the Net.
6:05 of 1st period - Puck is out of play.
6:06 of 1st period - Stephen Weiss wins face-off versus Vladimir Sobotka in Coyotes zone.
7:05 of 1st period - Vladimir Sobotka is hit by Aaron Palushaj and loses puck.
7:23 of 1st period - Markus Granlund is hit by Mikkel Boedker and loses puck.
7:48 of 1st period - Nicklas Backstrom is hit by Michael Kostka and loses puck.
8:20 of 1st period - Drayson Bowman is hit by David Schlemko and loses puck.
8:35 of 1st period - Snap shot by Andrew Ladd.
8:35 of 1st period - Stopped by Carter Hutton with a rebound.
8:39 of 1st period - Snap shot by Alexander Semin.
8:39 of 1st period - Shot Blocked by T.J. Brennan.
8:41 of 1st period - Slapshot by Alexander Semin.
8:41 of 1st period - Stopped by Carter Hutton with a rebound.
9:07 of 1st period - Wrist shot by Brayden Schenn.
9:07 of 1st period - Shot Blocked by Mark Borowiecki.
9:13 of 1st period - Jaden Schwartz is hit by Chris Stewart and loses puck.
10:31 of 1st period - Snap shot by David Desharnais.
10:31 of 1st period - Shot Misses the Net.
10:33 of 1st period - Snap shot by Alexander Semin.
10:33 of 1st period - Shot Misses the Net.
10:51 of 1st period - Minor Penalty to Chris Stewart for Roughing.
10:52 of 1st period - Vladimir Sobotka wins face-off versus Stephen Weiss in Oilers zone.
11:15 of 1st period - Wrist shot by Jaden Schwartz.
11:15 of 1st period - Stopped by Roberto Luongo without a rebound.
11:16 of 1st period - Vladimir Sobotka wins face-off versus Stephen Weiss in Oilers zone.
11:35 of 1st period - Slapshot by Darren Helm.
11:35 of 1st period - Stopped by Carter Hutton with a rebound.
11:57 of 1st period - Snap shot by Andrew Ladd.
11:57 of 1st period - Stopped by Carter Hutton with a rebound.
12:11 of 1st period - Darren Helm is hit by David Jones and loses puck.
12:30 of 1st period - Snap shot by Pierre-Marc Bouchard.
12:30 of 1st period - Stopped by Roberto Luongo with a rebound.
12:40 of 1st period - Michael Kostka is hit by Kimmo Timonen and loses puck.
12:51 of 1st period - Penalty to Chris Stewart is over, Chris Stewart is back on ice.
13:05 of 1st period - Eric Nystrom is hit by Chris Stewart and loses puck.
13:43 of 1st period - Icing by Drayson Bowman.
13:44 of 1st period - Nicklas Backstrom wins face-off versus Stephen Weiss in Coyotes zone.
14:32 of 1st period - Minor Penalty to Alexander Semin for Interference.
14:33 of 1st period - Vladimir Sobotka wins face-off versus Stephen Weiss in Oilers zone.
14:56 of 1st period - Snap shot by Vladimir Sobotka.
14:56 of 1st period - Stopped by Carter Hutton without a rebound.
14:57 of 1st period - Vladimir Sobotka wins face-off versus Markus Granlund in Coyotes zone.
15:04 of 1st period - Wrist shot by Darren Helm.
15:04 of 1st period - Stopped by Carter Hutton with a rebound.
15:33 of 1st period - Off-side.
15:34 of 1st period - Nick Bonino wins face-off versus Stephen Weiss in neutral zone.
16:32 of 1st period - Penalty to Alexander Semin is over, Alexander Semin is back on ice.
16:40 of 1st period - Snap shot by Nicklas Backstrom.
16:40 of 1st period - Shot Misses the Net.
16:42 of 1st period - Slapshot by David Schlemko.
16:42 of 1st period - Shot Misses the Net.
17:37 of 1st period - Snap shot by Andrew Ladd.
17:37 of 1st period - Stopped by Carter Hutton without a rebound.
17:38 of 1st period - Markus Granlund wins face-off versus Ales Hemsky in Coyotes zone.
18:01 of 1st period - Slapshot by Nick Bonino.
18:01 of 1st period - Stopped by Carter Hutton without a rebound.
18:02 of 1st period - David Desharnais wins face-off versus Stephen Weiss in Coyotes zone.
18:09 of 1st period - David Desharnais is hit by Mark Borowiecki and loses puck.
18:14 of 1st period - Backhand shot by Stephen Weiss.
18:14 of 1st period - Stopped by Roberto Luongo with a rebound.
18:51 of 1st period - Icing by Jaden Schwartz.
18:52 of 1st period - Nicklas Backstrom wins face-off versus Stephen Weiss in Coyotes zone.
Goals for this period are 1 for Oilers vs 0 for Coyotes.
Shots for this period are 13 for Oilers vs 11 for Coyotes.

2nd period


0:01 of 2nd period - Stephen Weiss wins face-off versus Vladimir Sobotka in neutral zone.
0:06 of 2nd period - Snap shot by Jaden Schwartz.
0:06 of 2nd period - Deflect By David Jones.
0:06 of 2nd period - Shot Misses the Net.
0:06 of 2nd period - Puck is out of play.
0:07 of 2nd period - Stephen Weiss wins face-off versus Vladimir Sobotka in Oilers zone.
0:14 of 2nd period - Backhand shot by Jaden Schwartz.
0:14 of 2nd period - Stopped by Roberto Luongo with a rebound.
1:07 of 2nd period - Joakim Andersson is hit by Kimmo Timonen and loses puck.
1:43 of 2nd period - Nicklas Backstrom is hit by Mark Borowiecki and loses puck.
1:50 of 2nd period - Snap shot by Aaron Palushaj.
1:50 of 2nd period - Stopped by Roberto Luongo with a rebound.
2:59 of 2nd period - Stephen Weiss is hit by Brayden McNabb and loses puck.
3:31 of 2nd period - Snap shot by Pierre-Marc Bouchard.
3:31 of 2nd period - Deflect By Joakim Andersson.
3:31 of 2nd period - Shot Blocked by Andrew MacDonald.
3:31 of 2nd period - Puck is out of play.
3:32 of 2nd period - Joakim Andersson wins face-off versus David Desharnais in Oilers zone.
3:56 of 2nd period - Pierre-Marc Bouchard is hit by Kimmo Timonen and loses puck.
4:03 of 2nd period - Snap shot by Alexander Semin.
4:03 of 2nd period - Stopped by Carter Hutton with a rebound.
4:09 of 2nd period - Wrist shot by Andrew Ladd.
4:09 of 2nd period - Shot Blocked by Joakim Andersson.
5:04 of 2nd period - Icing by Kimmo Timonen.
5:05 of 2nd period - Stephen Weiss wins face-off versus Vladimir Sobotka in Oilers zone.
5:58 of 2nd period - Wrist shot by Chris Stewart.
5:58 of 2nd period - Shot Misses the Net.
6:04 of 2nd period - Wrist shot by Brayden Schenn.
6:04 of 2nd period - Stopped by Carter Hutton without a rebound.
6:05 of 2nd period - Markus Granlund wins face-off versus Darren Helm in Coyotes zone.
6:32 of 2nd period - Wrist shot by Chris Stewart.
6:32 of 2nd period - Shot Hit the Post.
6:46 of 2nd period - Snap shot by Pierre-Marc Bouchard.
6:46 of 2nd period - Stopped by Roberto Luongo with a rebound.
7:08 of 2nd period - Snap shot by David Jones.
7:08 of 2nd period - Shot Blocked by Brayden McNabb.
7:10 of 2nd period - Slapshot by Evan Oberg.
7:10 of 2nd period - Stopped by Roberto Luongo without a rebound.
7:11 of 2nd period - David Desharnais wins face-off versus Markus Granlund in Oilers zone.
7:26 of 2nd period - Backhand shot by Alexander Semin.
7:26 of 2nd period - Stopped by Carter Hutton with a rebound.
7:55 of 2nd period - Brad Hunt is hit by David Jones and loses puck.
8:41 of 2nd period - Terry Broadhurst is hit by Vladimir Sobotka and loses puck.
9:08 of 2nd period - Snap shot by Mikkel Boedker.
9:08 of 2nd period - Shot Misses the Net.
10:24 of 2nd period - Pierre-Marc Bouchard is hit by Andrew Ladd and loses puck.
10:43 of 2nd period - Slapshot by David Desharnais.
10:43 of 2nd period - Deflect By Joakim Andersson.
10:43 of 2nd period - Shot Misses the Net.
10:43 of 2nd period - Puck is out of play.
10:44 of 2nd period - Vladimir Sobotka wins face-off versus Markus Granlund in Coyotes zone.
10:57 of 2nd period - Snap shot by Vladimir Sobotka.
10:57 of 2nd period - Shot Blocked by Markus Granlund.
11:05 of 2nd period - Slapshot by Aaron Palushaj.
11:05 of 2nd period - Shot Misses the Net.
11:07 of 2nd period - Snap shot by Mark Borowiecki.
11:07 of 2nd period - Deflect By Aaron Palushaj.
11:07 of 2nd period - Shot Misses the Net.
11:07 of 2nd period - Puck is out of play.
11:08 of 2nd period - Stephen Weiss wins face-off versus Nicklas Backstrom in Oilers zone.
11:17 of 2nd period - Slapshot by Jaden Schwartz.
11:17 of 2nd period - Shot Blocked by David Schlemko.
11:33 of 2nd period - Wrist shot by David Jones.
11:33 of 2nd period - Shot Misses the Net.
11:35 of 2nd period - Snap shot by David Jones.
11:35 of 2nd period - Shot Misses the Net.
11:41 of 2nd period - Minor Penalty to Nicklas Backstrom for Roughing.
11:42 of 2nd period - Vladimir Sobotka wins face-off versus David Jones in Oilers zone.
11:59 of 2nd period - Snap shot by Vladimir Sobotka.
11:59 of 2nd period - Stopped by Carter Hutton with a rebound.
12:07 of 2nd period - Snap shot by Vladimir Sobotka.
12:07 of 2nd period - Deflect By Darren Helm.
12:07 of 2nd period - Shot Misses the Net.
12:07 of 2nd period - Puck is out of play.
12:08 of 2nd period - Markus Granlund wins face-off versus Vladimir Sobotka in Coyotes zone.
12:15 of 2nd period - Slapshot by Eric Nystrom.
12:15 of 2nd period - Deflect By Pierre-Marc Bouchard.
12:15 of 2nd period - Stopped by Roberto Luongo with a rebound.
12:17 of 2nd period - Snap shot by Mark Borowiecki.
12:17 of 2nd period - Goal by Mark Borowiecki - Oilers : 1 - Coyotes : 1.
12:18 of 2nd period - David Desharnais wins face-off versus Dale Weise in neutral zone.
12:44 of 2nd period - Snap shot by Aaron Palushaj.
12:44 of 2nd period - Deflect By Kimmo Timonen.
12:44 of 2nd period - Stopped by Roberto Luongo with a rebound.
13:24 of 2nd period - Slapshot by David Jones.
13:24 of 2nd period - Deflect By Alexander Semin.
13:24 of 2nd period - Stopped by Roberto Luongo with a rebound.
13:26 of 2nd period - Snap shot by Evan Oberg.
13:26 of 2nd period - Stopped by Roberto Luongo with a rebound.
13:40 of 2nd period - Stephen Weiss is hit by Alexander Semin.
14:05 of 2nd period - Kimmo Timonen is hit by Evan Oberg and loses puck.
14:12 of 2nd period - Slapshot by Andrew MacDonald.
14:12 of 2nd period - Stopped by Carter Hutton with a rebound.
14:12 of 2nd period - Carter Hutton from Coyotes is injured at 14:12 of 2nd period (Left Foot).
14:12 of 2nd period - Malcolm Subban enters game.
14:13 of 2nd period - Nicklas Backstrom wins face-off versus Stephen Weiss in Coyotes zone.
15:31 of 2nd period - Snap shot by Pierre-Marc Bouchard.
15:31 of 2nd period - Deflect By Eric Nystrom.
15:31 of 2nd period - Shot Blocked by Kimmo Timonen.
15:31 of 2nd period - Puck is out of play.
15:32 of 2nd period - Vladimir Sobotka wins face-off versus Markus Granlund in Oilers zone.
15:50 of 2nd period - Minor Penalty to Vladimir Sobotka for Charging.
15:51 of 2nd period - Stephen Weiss wins face-off versus David Desharnais in Oilers zone.
16:01 of 2nd period - Snap shot by David Jones.
16:01 of 2nd period - Shot Blocked by Darren Helm.
16:03 of 2nd period - Slapshot by Tom Gilbert.
16:03 of 2nd period - Shot Blocked by David Schlemko.
16:05 of 2nd period - Snap shot by Stephen Weiss.
16:05 of 2nd period - Stopped by Roberto Luongo with a rebound.
16:48 of 2nd period - Snap shot by Darren Helm.
16:48 of 2nd period - Stopped by Malcolm Subban with a rebound.
16:50 of 2nd period - Slapshot by Andrew MacDonald.
16:50 of 2nd period - Deflect By Darren Helm.
16:50 of 2nd period - Shot Misses the Net.
16:50 of 2nd period - Puck is out of play.
16:51 of 2nd period - David Desharnais wins face-off versus Markus Granlund in Coyotes zone.
17:46 of 2nd period - Ales Hemsky is hit by T.J. Brennan and loses puck.
17:50 of 2nd period - Penalty to Vladimir Sobotka is over, Vladimir Sobotka is back on ice.
18:01 of 2nd period - Evan Oberg is hit by Andrew MacDonald and loses puck.
18:06 of 2nd period - Snap shot by Nicklas Backstrom.
18:06 of 2nd period - Shot Blocked by Aaron Palushaj.
18:08 of 2nd period - Wrist shot by Vladimir Sobotka.
18:08 of 2nd period - Shot Blocked by Matt Gilroy.
18:22 of 2nd period - Snap shot by Nicklas Backstrom.
18:22 of 2nd period - Shot Misses the Net.
18:59 of 2nd period - Snap shot by Pierre-Marc Bouchard.
18:59 of 2nd period - Deflect By Joakim Andersson.
18:59 of 2nd period - Shot Blocked by David Schlemko.
18:59 of 2nd period - Puck is out of play.
19:00 of 2nd period - Joakim Andersson wins face-off versus Nick Bonino in Oilers zone.
19:43 of 2nd period - Backhand shot by Tom Gilbert.
19:43 of 2nd period - Shot Misses the Net.
Goals for this period are 0 for Oilers vs 1 for Coyotes.
Shots for this period are 6 for Oilers vs 10 for Coyotes.

3rd period


0:01 of 3rd period - Nicklas Backstrom wins face-off versus Stephen Weiss in neutral zone.
0:19 of 3rd period - Minor Penalty to T.J. Brennan for Hooking.
0:20 of 3rd period - Markus Granlund wins face-off versus Alexander Semin in Coyotes zone.
0:34 of 3rd period - Slapshot by Eric Nystrom.
0:34 of 3rd period - Shot Misses the Net.
0:36 of 3rd period - Slapshot by Mark Borowiecki.
0:36 of 3rd period - Shot Misses the Net.
0:38 of 3rd period - Slapshot by Mark Borowiecki.
0:38 of 3rd period - Stopped by Roberto Luongo with a rebound.
0:40 of 3rd period - Slapshot by Mark Borowiecki.
0:40 of 3rd period - Deflect By Kimmo Timonen.
0:40 of 3rd period - Stopped by Roberto Luongo with a rebound.
0:42 of 3rd period - Snap shot by Tom Gilbert.
0:42 of 3rd period - Stopped by Roberto Luongo without a rebound.
0:43 of 3rd period - David Desharnais wins face-off versus Markus Granlund in Oilers zone.
0:58 of 3rd period - Wrist shot by Darren Helm.
0:58 of 3rd period - Goal by Darren Helm - Oilers : 2 - Coyotes : 1.
0:59 of 3rd period - Nicklas Backstrom wins face-off versus Jaden Schwartz in neutral zone.
1:04 of 3rd period - Snap shot by Nicklas Backstrom.
1:04 of 3rd period - Deflect By Shane Doan.
1:04 of 3rd period - Shot Blocked by Jaden Schwartz.
1:04 of 3rd period - Puck is out of play.
1:05 of 3rd period - Stephen Weiss wins face-off versus Nicklas Backstrom in Coyotes zone.
1:05 of 3rd period - Stephen Weiss is hit by Andrew MacDonald.
1:13 of 3rd period - Slapshot by Stephen Weiss.
1:13 of 3rd period - Stopped by Roberto Luongo without a rebound.
1:14 of 3rd period - Stephen Weiss wins face-off versus Nicklas Backstrom in Oilers zone.
1:23 of 3rd period - Snap shot by Jaden Schwartz.
1:23 of 3rd period - Shot Blocked by Kimmo Timonen.
1:25 of 3rd period - Minor Penalty to Nicklas Backstrom for Hooking.
1:26 of 3rd period - Stephen Weiss wins face-off versus Vladimir Sobotka in Oilers zone.
3:25 of 3rd period - Penalty to Nicklas Backstrom is over, Nicklas Backstrom is back on ice.
3:26 of 3rd period - Andrew MacDonald is hit by Mark Borowiecki and loses puck.
3:39 of 3rd period - Kimmo Timonen is hit by Mark Borowiecki and loses puck.
4:23 of 3rd period - Dale Weise is hit by Shane Doan.
5:03 of 3rd period - Joakim Andersson is hit by David Desharnais and loses puck.
5:14 of 3rd period - Wrist shot by Chris Stewart.
5:14 of 3rd period - Stopped by Malcolm Subban without a rebound.
5:15 of 3rd period - Markus Granlund wins face-off versus Darren Helm in Coyotes zone.
5:30 of 3rd period - Wrist shot by Brayden Schenn.
5:30 of 3rd period - Shot Blocked by Evan Oberg.
5:32 of 3rd period - Snap shot by Darren Helm.
5:32 of 3rd period - Stopped by Malcolm Subban with a rebound.
5:58 of 3rd period - Snap shot by Nicklas Backstrom.
5:58 of 3rd period - Stopped by Malcolm Subban with a rebound.
6:06 of 3rd period - Nicklas Backstrom is hit by Markus Granlund and loses puck.
7:10 of 3rd period - Wrist shot by Joakim Andersson.
7:10 of 3rd period - Shot Blocked by Andrew Ladd.
7:12 of 3rd period - Minor Penalty to Kimmo Timonen for Holding.
7:13 of 3rd period - Stephen Weiss wins face-off versus Vladimir Sobotka in Oilers zone.
7:14 of 3rd period - Wrist shot by Jaden Schwartz.
7:14 of 3rd period - Stopped by Roberto Luongo with a rebound.
7:16 of 3rd period - Snap shot by David Jones.
7:16 of 3rd period - Shot Blocked by Scott Hannan.
8:02 of 3rd period - Wrist shot by Eric Nystrom.
8:02 of 3rd period - Shot Blocked by David Schlemko.
8:43 of 3rd period - Nick Bonino is hit by Jaden Schwartz.
8:46 of 3rd period - Off-side.
8:47 of 3rd period - Nick Bonino wins face-off versus Jaden Schwartz in neutral zone.
9:12 of 3rd period - Penalty to Kimmo Timonen is over, Kimmo Timonen is back on ice.
9:39 of 3rd period - Nicklas Backstrom is hit by Matt Gilroy and loses puck.
9:59 of 3rd period - T.J. Brennan is hit by Mikkel Boedker and loses puck.
10:14 of 3rd period - Snap shot by Andrew Ladd.
10:14 of 3rd period - Shot Misses the Net.
10:16 of 3rd period - Snap shot by Andrew Ladd.
10:16 of 3rd period - Stopped by Malcolm Subban with a rebound.
10:18 of 3rd period - Snap shot by Andrew Ladd.
10:18 of 3rd period - Goal by Andrew Ladd - Oilers : 3 - Coyotes : 1.
10:19 of 3rd period - Joakim Andersson wins face-off versus David Desharnais in neutral zone.
10:56 of 3rd period - Snap shot by Stephen Weiss.
10:56 of 3rd period - Shot Misses the Net.
10:58 of 3rd period - Slapshot by Tom Gilbert.
10:58 of 3rd period - Deflect By Jaden Schwartz.
10:58 of 3rd period - Stopped by Roberto Luongo without a rebound.
10:59 of 3rd period - Stephen Weiss wins face-off versus Nicklas Backstrom in Oilers zone.
11:02 of 3rd period - Snap shot by David Jones.
11:02 of 3rd period - Stopped by Roberto Luongo with a rebound.
11:11 of 3rd period - Minor Penalty to Nicklas Backstrom for Goalie Interference.
11:12 of 3rd period - Vladimir Sobotka wins face-off versus Stephen Weiss in Oilers zone.
12:15 of 3rd period - David Jones is hit by Darren Helm and loses puck.
12:24 of 3rd period - Kimmo Timonen is hit by Stephen Weiss and loses puck.
12:35 of 3rd period - Andrew MacDonald is hit by Eric Nystrom and loses puck.
13:11 of 3rd period - Penalty to Nicklas Backstrom is over, Nicklas Backstrom is back on ice.
13:36 of 3rd period - Mikkel Boedker is hit by Markus Granlund and loses puck.
13:57 of 3rd period - Joakim Andersson is hit by Shane Doan and loses puck.
14:08 of 3rd period - Mikkel Boedker is hit by Drayson Bowman and loses puck.
14:15 of 3rd period - Slapshot by Joakim Andersson.
14:15 of 3rd period - Shot Misses the Net.
14:17 of 3rd period - Snap shot by Joakim Andersson.
14:17 of 3rd period - Shot Misses the Net.
14:19 of 3rd period - Slapshot by Evan Oberg.
14:19 of 3rd period - Stopped by Roberto Luongo without a rebound.
14:20 of 3rd period - Andrew Ladd wins face-off versus Markus Granlund in Oilers zone.
14:24 of 3rd period - Off-side.
14:25 of 3rd period - Markus Granlund wins face-off versus David Desharnais in neutral zone.
14:28 of 3rd period - Slapshot by Michael Kostka.
14:28 of 3rd period - Deflect By Dale Weise.
14:28 of 3rd period - Shot Misses the Net.
14:28 of 3rd period - Puck is out of play.
14:29 of 3rd period - David Desharnais wins face-off versus Markus Granlund in Oilers zone.
15:03 of 3rd period - Wrist shot by David Desharnais.
15:03 of 3rd period - Deflect By Andrew Ladd.
15:03 of 3rd period - Shot Blocked by Eric Nystrom.
15:03 of 3rd period - Puck is out of play.
15:04 of 3rd period - Nicklas Backstrom wins face-off versus Joakim Andersson in Coyotes zone.
16:00 of 3rd period - Ales Hemsky is hit by Mark Borowiecki and loses puck.
16:09 of 3rd period - Snap shot by Jaden Schwartz.
16:09 of 3rd period - Stopped by Roberto Luongo with a rebound.
16:31 of 3rd period - Wrist shot by Andrew Ladd.
16:31 of 3rd period - Deflect By Alexander Semin.
16:31 of 3rd period - Shot Misses the Net.
16:31 of 3rd period - Puck is out of play.
16:32 of 3rd period - David Desharnais wins face-off versus Markus Granlund in Coyotes zone.
16:37 of 3rd period - Wrist shot by Alexander Semin.
16:37 of 3rd period - Shot Misses the Net.
16:39 of 3rd period - Snap shot by David Desharnais.
16:39 of 3rd period - Shot Misses the Net.
16:41 of 3rd period - Snap shot by Alexander Semin.
16:41 of 3rd period - Shot Blocked by Michael Kostka.
16:47 of 3rd period - Wrist shot by Andrew Ladd.
16:47 of 3rd period - Shot Blocked by Tom Gilbert.
16:49 of 3rd period - Slapshot by David Schlemko.
16:49 of 3rd period - Stopped by Malcolm Subban with a rebound.
17:27 of 3rd period - Snap shot by Darren Helm.
17:27 of 3rd period - Shot Misses the Net.
17:39 of 3rd period - Stephen Weiss is hit by Andrew MacDonald and loses puck.
17:50 of 3rd period - Kimmo Timonen is hit by Jaden Schwartz and loses puck.
18:12 of 3rd period - Off-side.
18:13 of 3rd period - Markus Granlund wins face-off versus Nicklas Backstrom in neutral zone.
18:21 of 3rd period - Off-side.
18:22 of 3rd period - Nicklas Backstrom wins face-off versus Markus Granlund in neutral zone.
18:25 of 3rd period - Terry Broadhurst is hit by Nicklas Backstrom and loses puck.
19:16 of 3rd period - Vladimir Sobotka is hit by Mark Borowiecki and loses puck.
Goals for this period are 2 for Oilers vs 0 for Coyotes.
Shots for this period are 7 for Oilers vs 9 for Coyotes.


Output by the SimonT Hockey Simulator (STHS) for Eric Dolegowski -- Original Page W3C XHTML 1.0 Valid
Hockey Simulator - Hockey Simulation - Hockey Manager